Unix NetHack Version 3.7.0-53 Work-in-progress - last build Mar 30 2022 09:31:11 (a06c8d0fe304452ee261c5204adf4e5fd2f8e6cc,branch:master). Game began 2022-03-31 21:07:02, ended 2022-03-31 21:34:50. DarkLightDragon, neutral female human Tourist --- ---- ------- |.. |..| ........ --- |..---..-- -...(...>.---........| ..............G)..| .......%.`..| -.. -.........-- |............<.....| ---.... -...-...*----- | ----- ..--G))@........| --........---- ---......| ---.---- -- DarkLightDragon the Sightseer St:11 Dx:8 Co:15 In:15 Wi:13 Ch:15 Neutral S:780 Dlvl:4 $:478 HP:0(40) Pw:17(17) AC:9 Xp:4/92 T:851 Latest messages: Your helm blocks the attack to your head. The mind flayer's tentacles suck you! Your helm blocks the attack to your head. The mind flayer hits! The mind flayer's tentacles suck you! Your helm blocks the attack to your head. The mind flayer's tentacles suck you! Your helm blocks the attack to your head. The mind flayer's tentacles suck you! Your helm blocks the attack to your head. You descend the stairs. What do you want to drink? [qC or ?*] ? Huh, What? Where am I? In what direction? 4 The dart hits the gnome lord. In what direction? 4 The dart hits the gnome lord! In what direction? 4 The dart hits the gnome lord. In what direction? 4 The gnome lord wields a thonged club! In what direction? 4 You kill the gnome lord! Welcome to experience level 4. The gnome picks up a thonged club. The gnome picks up 6 stones. The gnome wields a thonged club! You hear a chugging sound. The gnome picks up 2 +2 darts. Click! The gnome triggers something. The boulder hits the gnome! The gnome is killed! In what direction? 1 The dart misses the gnome. It bites! The gnome picks up a long sword. You feel less confused now. It bites! You miss it. It bites! You miss it. It bites! You miss it. It bites! You are put to sleep by it! The gnome shoots 2 crossbow bolts! The 1st crossbow bolt misses the gnome. You are hit by the 1st crossbow bolt. You die... Do you want your possessions identified? [ynq] (y) q Major events: Turn 1: DarkLightDragon the neutral female human Tourist entered the dungeon 558: entered the Gnomish Mines 675: attained the rank of Sightseer (level 3) 851: killed by a crossbow bolt, while sleeping Inventory: Coins $ - 478 gold pieces Weapons v - 3 +0 crossbow bolts w - a blessed +0 crossbow a - 25 +2 darts (at the ready) D - 6 +1 darts m - 2 +0 orcish daggers (wielded) Armor o - an uncursed +0 orcish helm (being worn) A - an uncursed +0 orcish helm y - a cursed +0 pair of iron shoes i - an uncursed +0 Hawaiian shirt with an orchid motif (being worn) Comestibles b - 2 uncursed blueberries n - 2 uncursed blueberries f - an uncursed candy bar labeled "Snacky Cake" e - 2 uncursed cream pies c - 4 uncursed food rations B - an uncursed food ration d - 3 uncursed tripe rations x - an uncursed lichen corpse Scrolls p - an uncursed scroll of genocide h - 4 uncursed scrolls of magic mapping Potions C - an uncursed potion of see invisible Rings t - an uncursed +2 ring of gain constitution (on right hand) Wands s - a wand of magic missile (0:6) Tools k - an uncursed credit card j - an expensive camera (0:79) z - a +0 pick-axe F - a cursed tallow candle l - an uncursed tin opener Gems/Stones E - an uncursed worthless piece of violet glass u - an uncursed worthless piece of white glass DarkLightDragon the Tourist's attributes: Background: You were a Sightseer, a level 4 female human Tourist. You were neutral, on a mission for The Lady who was opposed by Blind Io (lawful) and Offler (chaotic). You were in the Gnomish Mines, on level 4. You entered the dungeon 851 turns ago. There was a new moon in effect when your adventure ended. You had 92 experience points, 68 more were needed to attain level 5. Your score was 780 before end-of-game adjustments. Basics: You had 0 out of 40 hit points. You had all 17 energy points (spell power). Your armor class was 9. Your wallet contained 478 zorkmids. Autopickup was off. Final Characteristics: Your strength was 11 (limit:18/100). Your dexterity was 8 (limit:18). Your constitution was 15 (base:13, limit:18). Your intelligence was 15 (limit:18). Your wisdom was 13 (limit:18). Your charisma was 15 (limit:18). Final Status: You were not hungry. You were unencumbered. You were wielding daggers. You were unskilled in dagger. Final Attributes: You were devoutly aligned. You are dead. Miscellaneous: You never encountered a bones level. Total elapsed playing time was 27 minutes and 46 seconds. Vanquished creatures: 3 gnome leaders a kitten a dwarf 7 gnomes a jackal 2 goblins 3 sewer rats a grid bug 3 lichens a newt 23 creatures vanquished. No species were genocided or became extinct. Voluntary challenges: You were illiterate. You never engraved Elbereth. You never genocided any monsters. You never polymorphed an object. You never changed form. You used no wishes. Achievements: You entered a shop. You entered the Gnomish Mines. You attained the rank of Sightseer. The Dungeons of Doom: levels 1 to 3 Level 1: A sink. Level 2: A potion shop, a sink. Stairs down to The Gnomish Mines. Level 3: The Gnomish Mines: levels 3 to 4 Level 3: Level 4: <- You were here. Final resting place for you, killed by a crossbow bolt, while sleeping. Game over: ---------- / \ / REST \ / IN \ / PEACE \ / \ | DarkLightDragon | | 478 Au | | killed by a | | crossbow bolt | | | | | | 2022 | *| * * * | * _________)/\\_//(\/(/\)/\//\/|_)_______ Aloha DarkLightDragon the Tourist... You died in The Gnomish Mines on dungeon level 4 with 755 points, and 478 pieces of gold, after 851 moves. You were level 4 with a maximum of 40 hit points when you died.